 Dungeon Crawl Stone Soup version 0.13-a0-2531-g2ad9301 (webtiles) character file.

1504 Rycklaryybbe the Spear-Bearer (level 8, -10/61 HPs)
             Began as a Demigod Wanderer on July 26, 2013.
             Mangled by an orc warrior
             ... wielding a +5,+2 orcish great mace
              (21 damage)
             ... on Level 5 of the Dungeon.
             The game lasted 00:19:28 (5584 turns).

Rycklaryybbe the Spear-Bearer (Demigod Wanderer)    Turns: 5584, Time: 00:19:29

HP -10/61        AC  7     Str 14      XL: 8   Next:  6%
MP  28/28        EV 11     Int 18      God:
Gold 247         SH  0     Dex 20      Spells:  2 memorised,  8 levels left

Res.Fire  : x . .   See Invis. : .   a - +4 spear {=f}
Res.Cold  : + . .   Warding    : .   E - +3 robe of the Leaf {+Blink +Inv}
Life Prot.: . . .   Conserve   : .   (no shield)
Res.Poison: .       Res.Corr.  : .   (no helmet)
Res.Elec. : .       Clarity    : .   (no cloak)
Sust.Abil.: . .     Spirit.Shd : .   H - +1 pair of gloves
Res.Mut.  : .       Stasis     : .   (no boots)
Res.Rott. : .       Flight     : .   d - amulet of faith
Saprovore : . . .                    u - ring of magical power
                                     h - ring of ice

@: very slightly contaminated, hasted and slowed, somewhat resistant to hostile
enchantments, fairly stealthy
A: no striking features
a: Evoke Blink, Evoke Invisibility


You were on level 5 of the Dungeon.
You were hungry.

You visited 1 branch of the dungeon, and saw 5 of its levels.

You collected 197 gold pieces.

Inventory:

Hand weapons
 a - a +4,+4 spear (weapon) {=f}
 g - a -2,+0 sling
 k - a +0,+1 orcish dagger
 l - a +0 blowgun
 x - a +0,+0 long sword
 I - a +0,+0 whip of flaming
Missiles
 e - a throwing net [torn]
 i - 14 darts (quivered)
 n - 6 sling bullets
 C - 13 poisoned needles
Armour
 b - a +0 ring mail
 p - a +0 robe
 E - the +3 robe of the Leaf (worn) {+Blink +Inv}
   (You found it on level 4 of the Dungeon)

   It lets you turn invisible.
   It lets you blink.
 G - a +0 ring mail of fire resistance
 H - a +1 pair of gloves (worn)
Magical devices
 f - a wand of fireball (0)
 B - a wand of fireball (0)
 L - a wand of digging (10) {unknown}
Comestibles
 c - a bread ration
 o - 3 meat rations
 J - a rotting chunk of human flesh
 M - an apple
 N - 5 chunks of orc flesh
 P - a chunk of adder flesh
Scrolls
 j - a scroll of curse jewellery {unknown}
 F - a scroll of remove curse
 K - a scroll of identify
Jewellery
 d - an amulet of faith (around neck)
 h - a ring of ice (left hand)
 m - an uncursed ring of teleportation
 q - an uncursed ring of protection from fire {unknown}
 u - a ring of magical power (right hand)
 O - an uncursed ring of see invisible {unknown}
Potions
 v - a potion of curing
 w - 2 potions of might {unknown}
 z - a potion of brilliance
 A - a potion of slowing {unknown}
 D - 2 potions of confusion {unknown}
Books
 y - a book of Air

   Spells                             Type                      Level
   Shock                              Conjuration/Air              1
   *Swiftness                         Charms/Air                   2
   *Repel Missiles                    Charms/Air                   2
   Flight                             Charms/Air                   3
   Static Discharge                   Conjuration/Air              3
   Lightning Bolt                     Conjuration/Air              5


   Skills:
 - Level 3.3 Fighting
 + Level 8.9 Polearms
 - Level 1.0 Throwing
 - Level 1.0 Stealth
 - Level 2.6 Spellcasting
   Level 1.0 Translocations
   Level 1.0 Fire Magic


You had 8 spell levels left.
You knew the following spells:

 Your Spells              Type           Power        Failure   Level  Hunger
a - Repel Missiles        Chrm/Air       #.........   28%         2    ##.....
b - Swiftness             Chrm/Air       #.........   28%         2    ##.....


Dungeon Overview and Level Annotations

Branches:
Dungeon (5/27)
 Temple: D:4-7

Portals:
Ziggurat: D:5 (4130 gp)

Annotations
D:4 exclusion: player ghost, Rycklaryybbe's ghost, average DsDK


Message History

The goblin shouts!
The orc wizard mumbles some strange words.
The orc wizard blinks!
Press: ? - help, v - describe, . - travel The floor.
Read which item? (? for menu, Esc to quit)
Okay, then.
Drink which item? (? for menu, Esc to quit)
Okay, then.
Read which item? (? for menu, Esc to quit)
Okay, then.
Drink which item? (? for menu, Esc to quit)
You feel better.
The orc warrior hits you with a runed orcish great mace!
* * * LOW HITPOINT WARNING * * *
The crimson imp shouts!
Drink which item? (? for menu, Esc to quit)
You feel better.
The orc warrior hits you with a runed orcish great mace!
You die...

..#
..#
..#
..#
#.#
...
#g#
##5##
#.@.#
#.o.#
#...#
#.o.#
#...#
###.#
#.#
#.#
#.#


You could see an orc warrior, an orc wizard, a crimson imp and a goblin.

Vanquished Creatures
  Pikel (D:5)
  Grinder (D:5)
  A slave (D:5)
  Blork the orc (D:4)
  2 hounds (D:3)
  A centaur skeleton (D:4)
  2 orc wizards
  A scorpion (D:3)
  An iguana (D:4)
  4 worker ants
  A hound skeleton (D:4)
  Terence (D:3)
  8 adders
  A gnoll (D:1)
  2 worms
  2 giant geckos
  16 orcs
  7 giant cockroaches
  8 hobgoblins
  4 jackals (D:3)
  4 quokkas (D:3)
  A ball python (D:3)
  12 bats
  4 giant newts
  9 goblins
  17 kobolds
  7 rats
119 creatures vanquished.

Vanquished Creatures (others)
  A slave (D:5)
  A scorpion (D:5)
  A goliath beetle zombie (D:5)
  An orc (D:5)
4 creatures vanquished.

Grand Total: 123 creatures vanquished

Notes
Turn   | Place    | Note
--------------------------------------------------------------
     0 | D:1      | Rycklaryybbe, the Demigod Wanderer, began the quest for the Orb.
     0 | D:1      | Reached XP level 1. HP: 15/15 MP: 4/4
    87 | D:1      | Reached skill level 1 in Polearms
   221 | D:1      | Reached XP level 2. HP: 20/22 MP: 6/6
   550 | D:1      | Reached XP level 3. HP: 27/27 MP: 9/9
   905 | D:2      | Reached skill level 3 in Fighting
  1097 | D:2      | Reached XP level 4. HP: 35/35 MP: 11/11
  1676 | D:3      | Learned a level 2 spell: Repel Missiles
  1679 | D:3      | Learned a level 2 spell: Swiftness
  2288 | D:3      | Reached skill level 4 in Polearms
  2473 | D:3      | Reached XP level 5. HP: 37/41 MP: 13/13
  2585 | D:3      | Noticed Terence
  2601 | D:3      | Killed Terence
  3553 | D:3      | Reached skill level 5 in Polearms
  4081 | D:4      | Reached XP level 6. HP: 31/48 MP: 16/16
  4083 | D:4      | Got a slimy robe
  4095 | D:4      | Identified the +3 robe of the Leaf {+Blink +Inv} (You found it on level 4 of the Dungeon)
  4289 | D:4      | Noticed Blork the orc
  4660 | D:4      | Killed Blork the orc
  4660 | D:4      | Reached skill level 6 in Polearms
  4878 | D:4      | Noticed Rycklaryybbe's ghost (average DsDK)
  5257 | D:5      | Entered Level 5 of the Dungeon
  5259 | D:5      | Noticed Pikel
  5265 | D:5      | Noticed Grinder
  5265 | D:5      | Killed Pikel
  5265 | D:5      | Reached skill level 8 in Polearms
  5265 | D:5      | Reached XP level 7. HP: 53/53 MP: 18/18
  5269 | D:5      | Paralysed by Grinder for 5 turns
  5276 | D:5      | Found a shimmering altar of Xom.
  5277 | D:5      | Found a shimmering altar of Xom.
  5283 | D:5      | Paralysed by Grinder for 2 turns
  5296 | D:5      | Paralysed by Grinder for 3 turns
  5299 | D:5      | Killed Grinder
  5362 | D:5      | Found a shimmering altar of Xom.
  5447 | D:5      | Found a sparkling altar of Nemelex Xobeh.
  5455 | D:5      | Found an iron altar of Okawaru.
  5462 | D:5      | Found a gateway to a ziggurat.
  5479 | D:5      | Reached XP level 8. HP: 61/61 MP: 19/19
  5582 | D:5      | HP: 2/61 [orc warrior/runed orcish great mace (15)]
  5584 | D:5      | Mangled by an orc warrior

Action                   |  1- 3 |  4- 6 |  7- 9 || total
-------------------------+-------+-------+-------++-------
Melee: Spear             |    21 |   330 |    43 ||   394
 Fire: Sling             |   103 |       |       ||   103
Throw: Dart              |    35 |     7 |       ||    42
       Throwing net      |     1 |       |       ||     1
 Abil: Evoke Blink       |       |     1 |       ||     1
Evoke: Wand              |       |     5 |     5 ||    10
  Use: Scroll            |     7 |     3 |     1 ||    11
       Potion            |     3 |       |     6 ||     9
 Stab: Sleeping          |       |     1 |       ||     1
